 Dungeon Sprint DCSS version 0.28.0-43-g3370ac3207 (webtiles) character file.

Game seed: 8580790786084473614

18905 boopmooplesden the Minotaur Blade (level 12, -9/123 HPs)
             Began as a Minotaur Berserker on Mar 11, 2022.
             Was the Champion of Trog.
             Mangled by a frost giant
             ... wielding a +1 battleaxe of freezing
              (23 damage)
             ... in the Dungeon (Sprint II: "The Violet Keep of Menkaure").
             The game lasted 00:08:38 (2804 turns).

boopmooplesden the Minotaur Blade (MiBe)            Turns: 2804, Time: 00:08:39

Health: -9/123     AC: 24    Str: 29    XL:     12   Next: 31%
Magic:  9/9        EV: 15    Int:  4    God:    Trog [******]
Gold:   784        SH:  0    Dex: 11    Spells: 11/11 levels left

rFire   . . .      SeeInvis .   w - +4 triple sword (flame)
rCold   . . .      Faith    .   (shield currently unavailable)
rNeg    . . .      Spirit   .   i - +6 scale mail of the Everdark {Rampage Str+3 Stlth+}
rPois   +          Reflect  .   b - +0 hat
rElec   .          Harm     .   A - +2 cloak {rPois}
rCorr   .          Rampage  +   j - +2 pair of gloves {hurl}
Will    .....      NoTele   +   r - +0 pair of boots
Stlth   +.........              (no amulet)
HPRegen 0.30/turn               (no ring)
MPRegen 0.11/turn               (no ring)

@: on berserk cooldown, slowed, very slow
A: horns 2, retaliatory headbutt, frail 1, low MP 1
a: Renounce Religion, Berserk, Trog's Hand, Brothers in Arms


You were in the Dungeon.
You worshipped Trog.
Trog was exalted by your worship.
You visited 1 branch You collected 1920 gold pieces.
You spent 1136 gold pieces at shops.

Inventory:

Hand Weapons
 a - a +0 falchion
 k - a +4 great sword
 m - the +8 glaive of the Guard {elec, spectral, AC+5}
   (You found it in the Dungeon)

   It occasionally discharges a powerful burst of electricity upon striking a
   foe.
   When it strikes, its spirit leaps out and fights alongside the wielder.
   AC:        It affects your AC (+5).
 n - a +5 great sword of flaming
 w - a +4 triple sword of flaming (weapon)
Armour
 b - a +0 hat (worn)
 i - the +6 scale mail of the Everdark (worn) {Rampage Str+3 Stlth+}
   (You bought it in a shop in the Dungeon)

   Str:       It affects your strength (+3).
   Rampage:   It bestows one free step when moving towards enemies.
   Stlth:     It makes you more stealthy.
 j - a +2 pair of gloves of hurling (worn)
 r - a +0 pair of boots (worn)
 A - a +2 cloak of poison resistance (worn)
Jewellery
 o - an amulet of regeneration
 t - the amulet of Xenas {Acrobat -Tele Fragile Will+ Dex+10}
   (You bought it in a shop in the Dungeon)

   [amulet of the acrobat]

   It increases your evasion while moving and waiting.
   Dex:       It affects your dexterity (+10).
   -Tele:     It prevents most forms of teleportation.
   Fragile:   It will be destroyed if unequipped.
   Will:      It increases your willpower.
Wands
 y - a wand of flame (16)
Scrolls
 d - 2 scrolls of identify
 s - a scroll of fog
 v - 2 scrolls of silence
Potions
 c - 4 potions of curing
 e - 3 potions of haste
 f - 6 potions of magic
 g - a potion of berserk rage
 l - 2 potions of invisibility
 p - 4 potions of resistance
 q - a potion of attraction {unknown}
 u - 7 potions of flight
 x - a potion of mutation {unknown}
 z - a potion of brilliance {unknown}


   Skills:
 + Level 21.8 Fighting
 + Level 24.1 Long Blades
 + Level 13.9 Armour
 + Level 12.7 Dodging
 + Level 0.9 Stealth


You had 11 spell levels left.
You didn't know any spells.
Your spell library was empty.

Dungeon Overview and Level Annotations

Branches:
Dungeon (1/1)

Altars:
Cheibriados
Dithmenos
Elyvilon
Fedhas
Gozag
Hepliaklqana
Kikubaaqudgha
Makhleb
Nemelex Xobeh
Okawaru
Qazlal
Ru
Sif Muna
Trog
Uskayaw
Vehumet
Wu Jian
Xom
Yredelemnul
Zin
The Shining One
Beogh
Jiyva
Lugonu

Shops:
D =!?:[(=[=?:![?!?!*![(=:*([=

Annotations:
D exclusions: obsidian statue and oklob plant


Innate Abilities, Weirdness & Mutations

You have a pair of horns on your head.
You reflexively headbutt those who attack you in melee.
You are frail. (-10% HP)
Your magical capacity is low. (-10% MP)


Message History

The bolt of lightning hits the storm dragon.
The storm dragon completely resists.
You closely miss the storm dragon.
The storm dragon is heavily wounded.
The storm dragon bites you but does no damage.
The storm dragon misses you. The storm dragon tramples you!
You hold your ground!
The storm dragon bites you but does no damage.
The storm dragon barely misses you.
The storm dragon tramples you but does no damage.
You cut the storm dragon into ribbons!!!
You burn the storm dragon!
You kill the storm dragon!
Trog accepts your kill.
Your Long Blades skill increases to level 24!
Things that are here:
a +0 short sword; a +0 ring mail You start resting.
A frost giant comes into view.
It is wielding a +1 battleaxe of freezing.
The frost giant shouts!
The frost giant points at you and mumbles some strange words.
The bolt of cold hits you!!
* * * LOW HITPOINT WARNING * * *
There is an open door, spattered with blood here.
Things that are here:
a wyvern corpse; an ice dragon corpse; a wyvern corpse You close the door, pushing everything out of the way.
You see here a wyvern corpse.
Something unseen opens the door.
The frost giant gestures at you while chanting.
The bolt of cold hits you but does no damage.
Okay, then.
Blink to where?
Press: ? - help, Dir - move target
As you read the scroll of blinking, it crumbles to dust.
The frost giant casts a spell at you. The bolt of cold hits you!!
* * * LOW HITPOINT WARNING * * *
The frost giant hits you with a +1 battleaxe of freezing!!
You die...

** ###########***********
*,
#[.....C).#∩∩∩,∩+,+,,***,
#..§..†#@.####***,****,,,
#'######'##..####+####,,,
#∩∩∩∩∩∩#..'÷##≈≈°..○≈##⌠,
#∩∩∩∩∩∩#..###.≈≈≈○≈°○.##,
#########..+≈.°≈≈≈○≈.≈§#*
*,,,*#...####≈≈≈≈.≈≈°≈#*≈
*,e2DD.....≈##≈.≈≈≈.§#*,≈
############≈≈#+++#+++##**
###########≈≈≈....)....#,,


You could see a frost giant.

Vanquished Creatures
  A golden dragon (D)
  A bone dragon (D)
  A kraken (D)
  Kirke (D)
  A storm dragon (D)
  A cacodemon (D)
  A yaktaur captain (D)
  An ice dragon (D)
  A deep elf high priest (D)
  2 boulder beetles (D)
  A centaur warrior (D)
  An iron elemental (D)
  A death yak (D)
  A skeletal warrior (D)
  2 deep trolls (D)
  An elephant (D)
  A kobold demonologist (D)
  A yaktaur (D)
  3 polar bears (D)
  A hornet (D)
  12 flying skulls (D)
  3 wyverns (D)
  4 neqoxecs (D)
  Menkaure (D)
  3 water moccasins (D)
  5 necrophages (D)
  4 scorpions (D)
  An iron imp (D)
  A hell rat (D)
  A spectral ball python (D)
  A spectral giant cockroach (D)
  4 tentacles (D)
64 creatures vanquished.

Vanquished Creatures (others)
  A water moccasin (D)
  20 tentacles (D)
21 creatures vanquished.

Grand Total: 85 creatures vanquished

Notes
Turn   | Place    | Note
-------+----------+-------------------------------------------
     0 | D        | boopmooplesden the Minotaur Berserker began the quest for
                  | the Orb.
     0 | D        | Reached XP level 1. HP: 19/19 MP: 0/0
     1 | D        | Noticed a boulder beetle
     1 | D        | Noticed a boulder beetle
     4 | D        | Noticed a scorpion
     4 | D        | Noticed a scorpion
     4 | D        | Noticed a scorpion
     4 | D        | Noticed a scorpion
     7 | D        | Killed a scorpion
     8 | D        | Reached skill level 6 in Long Blades
     8 | D        | Reached XP level 2. HP: 30/31 MP: 1/1
     8 | D        | Reached XP level 3. HP: 37/38 MP: 2/2
    13 | D        | Killed a scorpion
    14 | D        | Reached skill level 8 in Long Blades
    14 | D        | Reached XP level 4. HP: 17/48 MP: 3/3
    15 | D        | Killed a scorpion
    15 | D        | Reached ** piety under Trog
    16 | D        | Reached skill level 9 in Long Blades
    16 | D        | Reached XP level 5. HP: 17/57 MP: 4/4
    20 | D        | Reached skill level 5 in Armour
   298 | D        | Noticed a necrophage
   298 | D        | Noticed a necrophage
   298 | D        | Noticed a necrophage
   298 | D        | Noticed a necrophage
   303 | D        | Killed a necrophage
   304 | D        | Reached skill level 10 in Fighting
   304 | D        | Reached skill level 10 in Long Blades
   304 | D        | Reached skill level 5 in Dodging
   304 | D        | Reached XP level 6. HP: 67/67 MP: 5/5
   308 | D        | Reached skill level 11 in Long Blades
   315 | D        | Reached *** piety under Trog
   318 | D        | Reached skill level 12 in Long Blades
   318 | D        | Reached XP level 7. HP: 75/75 MP: 6/6
   349 | D        | Noticed a neqoxec
   349 | D        | Noticed a neqoxec
   349 | D        | Noticed a neqoxec
   349 | D        | Noticed a neqoxec
   354 | D        | Killed a neqoxec
   361 | D        | Killed a neqoxec
   362 | D        | Reached skill level 13 in Long Blades
   364 | D        | Gained mutation: Your magical capacity is low. (-10% MP) [a
                  | neqoxec]
   369 | D        | Killed a neqoxec
   369 | D        | Reached **** piety under Trog
   374 | D        | Killed a neqoxec
   375 | D        | Reached XP level 8. HP: 35/86 MP: 6/6
   595 | D        | Found Ywnalar's Book Emporium.
   595 | D        | Found Adukel's Jewellery Emporium.
   595 | D        | Found Bis Tee's Distillery.
   595 | D        | Found Wuniogud's Jewellery Shoppe.
   595 | D        | Found Ziengihe's Antique Armour Shoppe.
   595 | D        | Found Suof's Magic Scroll Emporium.
   595 | D        | Found Meradgho's Antique Weapon Emporium.
   596 | D        | Found Neonist's Distillery.
   596 | D        | Found Afany's Assorted Antiques.
   596 | D        | Found Noxevus's Antique Armour Emporium.
   596 | D        | Found Punge's Book Shoppe.
   596 | D        | Noticed Menkaure
   596 | D        | Noticed a cane toad
   596 | D        | Noticed a cane toad
   612 | D        | Killed Menkaure
   613 | D        | Reached skill level 14 in Long Blades
   621 | D        | Reached ***** piety under Trog
   629 | D        | Found Ceph's Antique Armour Shoppe.
   629 | D        | Found Nimiul's Jewellery Emporium.
   629 | D        | Noticed an oklob plant
   630 | D        | Found Ybil's Magic Scroll Shoppe.
   630 | D        | Found Dohit's Book Shoppe.
   636 | D        | Bought an ancient scale mail for 207 gold pieces
   636 | D        | Identified the +6 scale mail of the Everdark {Rampage Str+3
                  | Stlth+} (You bought it in a shop in the Dungeon)
   647 | D        | Bought a pair of runed gloves for 150 gold pieces
   676 | D        | Noticed a fire dragon
   704 | D        | Found a blossoming altar of Fedhas.
   704 | D        | Found an opulent altar of Gozag.
   705 | D        | Found a white marble altar of Elyvilon.
   705 | D        | Found a burning altar of Makhleb.
   708 | D        | Found a shadowy altar of Dithmenos.
   708 | D        | Found a corrupted altar of Lugonu.
   709 | D        | Found a snail-covered altar of Cheibriados.
   709 | D        | Found an ancient bone altar of Kikubaaqudgha.
   709 | D        | Found a bloodstained altar of Trog.
   710 | D        | Found a viscous altar of Jiyva.
   710 | D        | Found a shimmering blue altar of Sif Muna.
   711 | D        | Found a hazy altar of Hepliaklqana.
   711 | D        | Found a sacrificial altar of Ru.
   712 | D        | Found a stormy altar of Qazlal.
   712 | D        | Found an ornate altar of the Wu Jian Council.
   713 | D        | Noticed a yaktaur
   713 | D        | Noticed a hornet
   713 | D        | Noticed a polar bear
   713 | D        | Noticed a polar bear
   713 | D        | Noticed a polar bear
   722 | D        | Killed a polar bear
   727 | D        | Killed a hornet
   728 | D        | Reached skill level 15 in Long Blades
   733 | D        | Killed a polar bear
   735 | D        | Killed a yaktaur
   736 | D        | Reached skill level 15 in Fighting
   736 | D        | Reached XP level 9. HP: 97/97 MP: 7/7
   742 | D        | Killed a polar bear
   742 | D        | Received a gift from Trog
   743 | D        | Reached skill level 16 in Long Blades
   847 | D        | Found a shimmering altar of Xom.
   853 | D        | Noticed a kraken
   871 | D        | Found a glowing golden altar of the Shining One.
   871 | D        | Found a basalt altar of Yredelemnul.
   871 | D        | Found a hide-covered altar of Uskayaw.
   872 | D        | Found a glowing silver altar of Zin.
   872 | D        | Found a radiant altar of Vehumet.
  1299 | D        | Killed a kraken
  1300 | D        | Reached skill level 17 in Long Blades
  1444 | D        | Noticed a deep troll
  1451 | D        | Noticed a deep troll
  1454 | D        | Killed a deep troll
  1455 | D        | Reached skill level 10 in Dodging
  1455 | D        | Reached XP level 10. HP: 111/111 MP: 8/8
  1458 | D        | Killed a deep troll
  1458 | D        | Received a gift from Trog
  1459 | D        | Reached skill level 18 in Long Blades
  1459 | D        | Reached skill level 10 in Armour
  1507 | D        | Found a sparkling altar of Nemelex Xobeh.
  1508 | D        | Found an iron altar of Okawaru.
  1556 | D        | Found the +8 glaive of the Guard {elec, spectral, AC+5}
  1569 | D        | Noticed an obsidian statue
  1596 | D        | Killed a boulder beetle
  1830 | D        | Reached skill level 19 in Long Blades
  1837 | D        | Reached ****** piety under Trog
  1840 | D        | Received a gift from Trog
  2212 | D        | Noticed Kirke
  2212 | D        | Noticed a yaktaur captain
  2212 | D        | Noticed a skeletal warrior
  2227 | D        | Killed a skeletal warrior
  2228 | D        | Reached skill level 20 in Long Blades
  2231 | D        | Killed a yaktaur captain
  2232 | D        | Reached XP level 11. HP: 121/121 MP: 8/8
  2238 | D        | Killed Kirke
  2238 | D        | Received a gift from Trog
  2239 | D        | Reached skill level 21 in Long Blades
  2251 | D        | Noticed a centaur warrior
  2261 | D        | Killed a centaur warrior
  2354 | D        | Killed a boulder beetle
  2544 | D        | Received a gift from Trog
  2559 | D        | Noticed an iron elemental
  2567 | D        | Killed an iron elemental
  2568 | D        | Reached skill level 22 in Long Blades
  2678 | D        | Noticed an ice dragon
  2678 | D        | Noticed a death yak
  2682 | D        | Killed a death yak
  2689 | D        | Killed an ice dragon
  2690 | D        | Received a gift from Trog
  2712 | D        | Found Ysyozan's Jewellery Emporium.
  2712 | D        | Found Zosewk's Antique Armour Shop.
  2712 | D        | Found Jopny's Distillery.
  2712 | D        | Found Toorgh's Weapon Shoppe.
  2712 | D        | Found Fumasuj's Magic Scroll Boutique.
  2713 | D        | Found Quwuh's Jewellery Shoppe.
  2713 | D        | Found Unwavob's Magic Scroll Boutique.
  2713 | D        | Found Hyesuxai's Distillery.
  2713 | D        | Found Moevadim's General Store.
  2713 | D        | Found Zonkiv's Distillery.
  2713 | D        | Found Odukerrohe's Armour Shop.
  2713 | D        | Found Wyips's Antique Weapon Shoppe.
  2721 | D        | Bought a +2 cloak of poison resistance for 203 gold pieces
  2730 | D        | Bought a +0 hat for 52 gold pieces
  2739 | D        | Bought the amulet of Xenas {Acrobat -Tele Fragile Will+
                  | Dex+10} for 524 gold pieces
  2757 | D        | Noticed a storm dragon
  2757 | D        | Noticed a golden dragon
  2757 | D        | Noticed a bone dragon
  2758 | D        | Noticed a cacodemon
  2758 | D        | Noticed a deep elf high priest
  2775 | D        | Killed a bone dragon
  2776 | D        | Reached skill level 23 in Long Blades
  2780 | D        | Gained mutation: You are frail. (-10% HP) [a cacodemon]
  2782 | D        | Killed a golden dragon
  2783 | D        | Reached XP level 12. HP: 122/122 MP: 9/9
  2784 | D        | Killed a deep elf high priest
  2786 | D        | Killed a cacodemon
  2792 | D        | Killed a storm dragon
  2793 | D        | Reached skill level 24 in Long Blades
  2796 | D        | Noticed a frost giant
  2804 | D        | Mangled by a frost giant

Illustrated notes

Levels and vault maps discovered:
D:        the_violet_keep_of_menkaure [sprint2_stairs_cluster_1,
          sprint2_shoproom, sprint2_temple, sprint2_basic_supplies,
          sprint2_obstacle_3, sprint2_obstacle_7, sprint2_obstacle_1,
          sprint2_obstacle_2, sprint2_obstacle_5, sprint2_timed_cluster_1,
          sprint2_smallroom_cluster_1, sprint2_smallroom_final_cluster_1,
          sprint2_transparent_cluster_1, sprint2_second_timed_cluster_1,
          sprint2_sniper_area_1, sprint2_heavy_combat_area_1,
          sprint2_mutation_trap_area_1, sprint2_forest_area_1,
          sprint2_light_combat_area_1, sprint2_behind_water_1,
          sprint2_near_end_vault_1]

Skill      XL: |  1  2  3  4  5  6  7  8  9 10 11 12 |
---------------+-------------------------------------+-----
Fighting       | 6 8 9 10 11 13 15 17 18 21 | 21.8
Long Blades    | 6 8 9 10 12 13 15 17 20 23 24 | 24.1
Armour         | 3 4 5 6 8 9 11 13 | 13.9
Dodging        | 3 4 5 6 8 10 11 12 | 12.7
Stealth        | |  0.9

Action                   |  1- 3 |  4- 6 |  7- 9 | 10-12 || total
-------------------------+-------+-------+-------+-------++-------
Melee: Falchion          |     8 |    21 |    59 |       ||    88
       Headbutt          |       |     4 |    24 |    33 ||    61
       Great sword       |       |       |    36 |    85 ||   121
       Triple sword      |       |       |       |    39 ||    39
Invok: Berserk           |     1 |     1 |     3 |     4 ||     9
  Use: Scroll            |       |       |    10 |     1 ||    11
       Potion            |       |       |       |     2 ||     2
Armor: Animal skin       |       |     3 |     2 |       ||     5
       Scale mail        |       |       |    43 |    60 ||   103
Dodge: Dodged            |     1 |     7 |    47 |    52 ||   107
